 Dungeon Crawl Stone Soup version 0.27-a0-592-g0306a34022 (webtiles) character file.

Game seed: 12829143321490274095

205 srzhan31 the Conjurer (level 5, -1/28 HPs)
             Began as a Gargoyle Conjurer on Mar 11, 2021.
             Slain by Purgy (3 damage)
             ... in a sewer.
             The game lasted 00:07:22 (3452 turns).

srzhan31 the Conjurer (Gargoyle Conjurer)           Turns: 3452, Time: 00:07:23

Health: -1/28      AC: 11    Str: 11    XL:     5   Next: 83%
Magic:  1/9        EV: 11    Int: 19    God:
Gold:   202        SH:  0    Dex:  8    Spells: 6/9 levels left

rFire    . . .     SeeInvis .   (no weapon)
rCold    . . .     Faith    .   (no shield)
rNeg     + . .     Spirit   .   m - +0 leather armour
rPois    ∞         Reflect  .   (no helmet)
rElec    +         Harm     .   i - +1 cloak
rCorr    .         Rampage  .   l - +0 pair of gloves
Will     .....                  b - +0 pair of boots
Stlth    +.........             (no amulet)
HPRegen  0.09/turn              (no ring)
MPRegen  0.11/turn              (no ring)

@: no status effects
A: negative energy resistance 1, electricity resistance, torment resistance 1,
unbreathing 1, petrification resistance, AC +4
a: no special abilities


You were in a sewer.
You visited 1 branch of the dungeon, and saw 3 of its levels.
You also visited: Sewer.

You collected 202 gold pieces.

Inventory:

Armour
 b - a +0 pair of boots (worn)
 i - a +1 cloak (worn)
 l - a +0 pair of gloves (worn)
 m - a +0 leather armour (worn)
Wands
 n - a wand of digging (3)
Scrolls
 a - a scroll of noise {unknown}
 c - a scroll of random uselessness {unknown}
 d - a scroll of fog {unknown}
 e - 5 scrolls of identify {unknown}
 f - a scroll of amnesia {unknown}
 g - 6 scrolls of teleportation {unknown}
 o - a scroll of blinking {unknown}
Potions
 h - a potion of ambrosia {unknown}
 j - 3 potions of flight {unknown}
 k - 3 potions of curing
 p - a potion of haste {unknown}
 q - a potion of heal wounds {unknown}


   Skills:
 * Level 1.5 Armour
 * Level 2.1 Dodging
 - Level 2.3 Stealth
 * Level 2.3 Shields
 + Level 0.1 Unarmed Combat
 + Level 2.9 Spellcasting
 + Level 5.7 Conjurations


You had 6 spell levels left.
You knew the following spells:

 Your Spells              Type           Power      Damage    Failure   Level
a - Magic Dart            Conj           96%        1d7       1%          1
b - Searing Ray           Conj           48%        3d5       2%          2

Your spell library contained the following spells:

 Spells                   Type           Power      Damage    Failure   Level
 Dazzling Flash           Conj/Hex       26%        N/A       19%         3
 Fulminant Prism          Conj/Hex       6%         3d7       52%         4
 Iskenderun's Mystic Bla  Conj/Tloc      13%        2d5       52%         4


Dungeon Overview and Level Annotations

Branches:
Dungeon (3/15)              Sewer (1/1)

Altars:
Uskayaw

Annotations:
Sewer Purgy


Innate Abilities, Weirdness & Mutations

Your stone body is resilient. (AC +4)
You are immune to poison.
You resist negative energy. (rN+)
You are resistant to electric shocks. (rElec)
You are resistant to unholy torment.
You can survive without breathing.
You are immune to petrification.


Message History

You closely miss Purgy.
Purgy is heavily wounded.
Purgy bites you but does no damage. Purgy claws you. x2
You barely miss Purgy.
Purgy is heavily wounded.
Purgy bites you.
* * * LOW HITPOINT WARNING * * *
Purgy claws you but does no damage. Purgy barely misses you.
You hit Purgy but do no damage.
Purgy is moderately wounded.
Purgy bites you.
* * * LOW HITPOINT WARNING * * *
Purgy claws you but does no damage. Purgy closely misses you.
It was a potion of curing.
You feel better. Purgy bites you.
* * * LOW HITPOINT WARNING * * *
Purgy claws you but does no damage. Purgy claws you.
* * * LOW HITPOINT WARNING * * *
Unknown command.
Casting: Magic Dart (safe; 1% risk of failure)
Confirm with . or Enter, or press ? or * to list all spells.
Aiming: Searing Ray (safe; 2% risk of failure)
Press: ? - help, Shift-Dir - straight line, f/p - Purgy
Aim: Purgy (moderately wounded, 26% to evade)
The searing ray misses Purgy. (Press . to maintain the ray.) Purgy bites you.
* * * LOW HITPOINT WARNING * * *
Purgy closely misses you. Purgy claws you but does no damage.
You enter the shallow water.
Moving in this stuff is going to be slow.
Purgy bites you but does no damage. Purgy claws you but does no damage.
Purgy barely misses you.
You enter the shallow water.
Moving in this stuff is going to be slow.
Purgy closely misses you. Purgy barely misses you.
Purgy claws you but does no damage.
There is a gate leading back out of this place here.
Purgy completely misses you. Purgy claws you but does no damage.
Purgy claws you.
You die...

#≈#≈≈≈≈≈≈≈≈≈####≈#####≈≈≈≈≈≈≈≈≈
≈≈≈≈≈≈≈≈≈≈.## #≈# ###≈≈≈≈≈≈≈
≈≈≈≈≈≈≈≈≈≈.# #.# .≈≈≈≈≈≈
≈≈≈≈≈≈≈≈≈≈.# #≈# ≈≈≈≈≈≈≈
≈≈≈≈≈≈≈≈≈.## #.# #≈≈≈≈≈≈
#≈≈≈≈≈≈≈≈## #≈# ..≈≈≈≈
≈≈≈≈≈≈≈≈≈# ##≈## #.≈≈≈≈
≈≈≈≈≈≈≈.## #.T.# .≈≈≈≈
≈≈≈≈≈≈≈..# #.@.# ≈≈≈≈≈≈≈.##
#...# ≈≈≈≈≈≈.## ##### ≈≈≈≈≈≈≈##
≈≈≈≈≈≈..# #≈≈≈≈≈≈.#
≈≈≈≈≈≈≈.#### ≈≈≈≈≈≈≈≈≈..#
≈≈≈≈≈≈≈≈≈≈## #####


You could see Purgy.

Vanquished Creatures
  Terence (D:3)
  2 orc wizards (D:3)
  3 adders
  2 oozes
  4 worms
  A dart slug (D:1)
  A leopard gecko (D:1)
  6 orcs (D:3)
  9 ball pythons
  4 giant cockroaches
  4 goblins
  8 hobgoblins
  3 jackals (D:1)
  7 kobolds
  6 bats
  5 frilled lizards
  11 rats
77 creatures vanquished.

Notes
Turn   | Place    | Note
-------+----------+-------------------------------------------
     0 | D:1      | srzhan31 the Gargoyle Conjurer began the quest for the Orb.
     0 | D:1      | Reached XP level 1. HP: 10/10 MP: 3/3
   389 | D:1      | Reached XP level 2. HP: 15/15 MP: 0/5
   392 | D:1      | Learned a level 2 spell: Searing Ray
   815 | D:1      | Reached skill level 5 in Conjurations
   956 | D:1      | Reached XP level 3. HP: 19/19 MP: 3/6
  1528 | D:2      | Reached XP level 4. HP: 24/24 MP: 0/7
  1752 | D:2      | Found a hide-covered altar of Uskayaw.
  2202 | D:2      | Reached skill level 1 in Shields
  2494 | D:3      | Reached skill level 1 in Armour
  2534 | D:3      | Reached XP level 5. HP: 13/28 MP: 0/8
  2924 | D:3      | Noticed Terence
  2937 | D:3      | Killed Terence
  3090 | D:3      | Found a glowing drain.
  3108 | Sewer    | Entered a sewer
  3409 | Sewer    | Noticed Purgy
  3452 | Sewer    | Slain by Purgy

Illustrated notes

Levels and vault maps discovered:
D:1:      heliophobic_arrival_enchanted_forest, layout_basic,
          minmay_pentomino_t4
D:2:      layout_loops_cross, lemuel_crystal_altar, serial_bayou_pond_d
D:3:      layout_loops_ring, portal_sewer_entry_c, uniq_terence, uniq_grinder
Sewer:    sewer_co_purgy_island

Skill      XL: |  1  2  3  4 |
---------------+-------------+-----
Conjurations   | 5 |  5.7
Shields        | 2 |  2.3
Armour         | 1 |  1.5
Dodging        | 2 |  2.1
Stealth        | |  2.3
Unarmed Combat | |  0.1
Spellcasting   | |  2.9

Action                   |  1- 3 |  4- 6 || total
-------------------------+-------+-------++-------
Melee: Unarmed           |     1 |    48 ||    49
 Cast: Magic Dart        |    34 |     9 ||    43
       Searing Ray       |    15 |    31 ||    46
  Use: Potion            |       |     1 ||     1
Armor: Robe              |     1 |       ||     1
       Leather armour    |       |    78 ||    78
Dodge: Dodged            |     9 |    82 ||    91

Table legend: (Time is in decaauts)
 A = Elapsed time spent in this place.
 B = Non-inter-level travel time spent in this place.
 C = Inter-level travel time spent in this place.
 D = Time resting spent in this place.
 E = Time spent auto-exploring this place.
 F = Levels seen in this place.
 G = Mean time per level.
                   A        B        C        D        E       F      G
               +--------+--------+--------+--------+--------+-----+--------+
         Total |   3473 |   3421 |     52 |      0 |   2640 |   4 |  868.2 |
       Dungeon |   3108 |   3056 |     52 |      0 |   2383 |   3 | 1036.0 |
         Sewer |    364 |    364 |      0 |      0 |    257 |   1 |  364.0 |
               +--------+--------+--------+--------+--------+-----+--------+

Top non-repeatable levels by time:
     D:1: 1352 daAuts
     D:2: 1085 daAuts
     D:3: 670 daAuts
   Sewer: 364 daAuts
